 Dungeon Crawl Stone Soup version 0.17.2-1-ge4368a0 (webtiles) character file.

188 rlgrobin the Twirler (level 5, 0/26 HPs)
             Began as a Vine Stalker Gladiator on Apr 20, 2017.
             Slain by a wight
             ... wielding a cursed +3 long sword of freezing
              (1 damage)
             ... on level 4 of the Dungeon.
             The game lasted 00:03:13 (1699 turns).

rlgrobin the Twirler (Vine Stalker Gladiator)       Turns: 1699, Time: 00:03:14

Health: 0/26       AC:  5    Str: 17    XL:     5   Next: 67%
Magic:  0/6        EV: 12    Int:  8    God:
Gold:   125        SH:  0    Dex: 16    Spells: 0 memorised, 4 levels left

rFire  . . .     SeeInvis .     a - +0 quarterstaff
rCold  . . .     Clarity  .     b - +0 leather armour
rNeg   . . .     SustAt   .     (shield currently unavailable)
rPois  +         Gourm    .     c - +0 helmet
rElec  .         Spirit   +     h - +0 cloak {rPois}
rCorr  .         Warding  .     (no gloves)
rMut   .         Stasis   .     (no boots)
MR     .....                    (no amulet)
Stlth  +.........               (no ring)
                                (no ring)

@: drained, not resistant to hostile enchantments, very unstealthy
A: fangs 2, regeneration 1, magic shield, antimagic bite, no device heal 3, rot
immunity
a: no special abilities


You were on level 4 of the Dungeon.
You were not hungry.

You visited 1 branch of the dungeon, and saw 4 of its levels.

You collected 125 gold pieces.


Innate Abilities, Weirdness & Mutations

You have extremely sharp teeth.
Your natural rate of healing is unusually fast.
When hurt, damage is shared between your health and your magic reserves.
Your bite disrupts and absorbs the magic of your enemies.
Potions and wands cannot restore your health.
You are immune to rotting.


   Skills:
 - Level 1.7(1.2) Fighting
 + Level 5.6(5.0) Staves
 - Level 1.7(1.2) Throwing
 - Level 2.4(1.8) Dodging


You had 4 spell levels left.
You didn't know any spells.

Inventory:

Hand Weapons
 a - a +0 quarterstaff (weapon)
Missiles
 d - 3 throwing nets {=f}
Armour
 b - a +0 leather armour (worn)
 c - a +0 helmet (worn)
 h - a +0 cloak of poison resistance (worn)
 o - a +0 buckler
 q - a +0 pair of boots
Scrolls
 f - a scroll of identify {unknown}
 i - 2 scrolls of random uselessness {unknown}
 k - 3 scrolls of amnesia {unknown}
 l - a scroll of teleportation {@r4}
 n - a scroll of fog {unknown}
 p - a scroll of recharging {unknown}
Comestibles
 e - a bread ration

Dungeon Overview and Level Annotations

Branches:
Dungeon (4/15)
 Temple: D:4-7

Altars:

Annotations:
D:3 Purgy

▒▒▒.▒▒.▒▒.▒
▒.........▒
▒.▒▒▒▒.▒▒▒▒ ▒.▒
▒▒+▒▒ ▒
▒▒.▒▒▒...▒▒ .▒▒
▒▒▒ ▒.........▒▒
▒..
..▒▒▒.▒▒▒.▒▒▒..▒▒
▒.▒▒ .▒ ...▒▒.▒
▒.▒
▒...▒▒▒▒...▒▒.▒
......▒ ▒.▒
▒...fz.........
...▒▒.▒ ...
▒...▒▒▒▒...▒▒.▒
▒.▒▒▒.▒ ... ▒..▒▒
▒>▒▒▒.▒ ▒.▒
▒.▒▒▒▒▒▒▒.▒▒ ▒▒
▒.▒ ▒.▒ ▒.. ...▒
▒▒▒▒▒▒.▒ ▒.▒ ▒▒▒
▒+▒▒▒ ▒......▒
▒.▒ ▒.▒ ▒.▒▒▒▒.▒
▒.▒ ▒.▒ ▒.▒▒▒▒<▒
▒.▒ ▒▒▒▒▒▒.▒▒
▒.▒....▒


You could see a wight.


Message History

You beat the wight but do no damage!
You bite the wight, but do no damage!
The wight is heavily damaged!
The wight hits you with an enchanted short sword!
You take 2 damage, and have 16/26 hp!
You completely miss the wight!
The wight is heavily damaged!
The wight barely misses you!
You closely miss the wight!
The wight is heavily damaged!
The wight hits you but does no damage!
You crush the wight like a grape!!!
You destroy the wight!!!
You flatten the wight like a pancake!
The wight is lightly damaged!
The wight hits you with a long sword of freezing!!! * * * don't die
* * * The wight freezes you! * * * don't die
* * * You take 7 damage, and have 10/26 hp!
MASSIVE DAMAGE!!!!!!
You now have 1/6 mp!
You flatten the wight but do no damage!
The wight is lightly damaged!
The wight completely misses you!
You closely miss the wight!
The wight is lightly damaged!
You closely miss the wight!
The wight is lightly damaged!
The wight hits you with a long sword of freezing!!! * * * don't die
* * * The wight freezes you! rip

Action                   |  1- 3 |  4- 6 || total
-------------------------+-------+-------++-------
Melee: Quarterstaff      |    82 |    46 ||   128
  Use: Scroll            |     3 |       ||     3
 Stab: Distracted        |     1 |       ||     1
  Eat: Bread ration      |     1 |       ||     1

Vault maps used:
D:1:      minmay_arrival_plants_in_alcoves, roderic_serpentine_path
D:2:      uniq_terence
D:3:      grunt_temple_overflow_magic_moments, uniq_purgy
D:4:      enter_ossuary_4, first_bread

Notes
Turn   | Place    | Note
--------------------------------------------------------------
     0 | D:1      | rlgrobin the Vine Stalker Gladiator began the quest for the Orb.
     0 | D:1      | Reached XP level 1. HP: 11/11 MP: 2/2
     9 | D:1      | why are you here
    25 | D:1      | no I mean I like the company but why
    50 | D:1      | I'm just farming
   260 | D:1      | Reached skill level 3 in Staves
   368 | D:1      | Reached XP level 2. HP: 15/15 MP: 3/3
   914 | D:2      | You fall through a shaft for 2 floors!
  1066 | D:3      | Reached XP level 3. HP: 14/18 MP: 2/4
  1129 | D:3      | Noticed Purgy
  1267 | D:4      | Noticed a wight
  1267 | D:4      | Noticed a wight
  1267 | D:4      | Noticed a wight
  1267 | D:4      | Noticed a wight
  1341 | D:4      | Killed a wight
  1341 | D:4      | Reached skill level 4 in Staves
  1341 | D:4      | Reached XP level 4. HP: 7/23 MP: 1/5
  1405 | D:4      | HP: 2/23 [wight/dagger (6)]
  1446 | D:4      | Killed a wight
  1446 | D:4      | Reached skill level 5 in Staves
  1446 | D:4      | Reached XP level 5. HP: 9/26 MP: 4/6
  1695 | D:4      | Killed a wight
  1699 | D:4      | HP: 1/26 [wight/long sword of freezing (10)]
  1699 | D:4      | Slain by a wight

Vanquished Creatures
  3 wights (D:4)
  An adder (D:4)
  An ooze (D:3)
  2 worms (D:3)
  2 giant geckos (D:3)
  2 orcs (D:3)
  4 giant cockroaches
  3 hobgoblins
  A ball python (D:1)
  2 bats (D:1)
  3 giant newts
  2 goblins
  3 jackals (D:3)
  2 kobolds (D:1)
  A rat (D:1)
32 creatures vanquished.
